 Dungeon Crawl Stone Soup version 0.27-a0-1308-gc08437e49b (webtiles) character file.

Game seed: 13064890553066285732

3682 pokeman the Thaumaturge (level 9, -4/50 HPs)
             Began as a Deep Elf Hedge Wizard on June 18, 2021.
             Was a Follower of Vehumet.
             Killed from afar by a white imp (10 damage)
             ... with a puff of frost
             ... on level 7 of the Dungeon.
             The game lasted 00:19:59 (9261 turns).

pokeman the Thaumaturge (Deep Elf Hedge Wizard)     Turns: 9261, Time: 00:20:00

Health: -4/50      AC:  4    Str:  7    XL:     9   Next: 90%
Magic:  26/36      EV: 12    Int: 29    God:    Vehumet [*.....]
Gold:   392        SH:  5    Dex: 14    Spells: 21/32 levels left

rFire    . . .     SeeInvis .   f - +2 short sword (venom)
rCold    . . .     Faith    .   (no shield)
rNeg     . . .     Spirit   .   g - +0 leather armour
rPois    .         Reflect  +   H - +0 helmet
rElec    .         Harm     .   (no cloak)
rCorr    .         Rampage  .   (no gloves)
Will     .....                  (no boots)
Stlth    ++........             G - amulet of reflection
HPRegen  0.16/turn              z - ring of magical power
MPRegen  0.25/turn              K - +6 ring of intelligence

@: no status effects
A: no striking features
a: Renounce Religion


You were on level 7 of the Dungeon.
You worshipped Vehumet.
Vehumet was aware of your devotion.
You visited 2 branches of the dungeon, and saw 8 of its levels.
You also visited: Ossuary.

You collected 392 gold pieces.

Inventory:

Hand Weapons
 f - a +2 short sword of venom (weapon)
 k - a +0 hunting sling
 E - the +10 hunting sling "Mutoacw" {venom, Drain Str+8}
   (You found it on level 4 of the Dungeon)

   It poisons the ammo it fires.
   It affects your strength (+8).
   It drains your maximum health when unequipped.
 J - the +8 short sword "Goblinbane" {venom, Fragile rElec Int+4}
   (You found it on level 5 of the Dungeon)

   It poisons the flesh of those it strikes.
   It affects your intelligence (+4).
   It insulates you from electricity.
   It will be destroyed if unequipped.
 L - a +1 shortbow of flaming
Missiles
 o - 43 bolts
 x - 37 arrows
 y - a throwing net
 F - 123 stones
Armour
 g - a +0 leather armour (worn)
 H - a +0 helmet (worn)
Jewellery
 c - a +4 ring of protection
 z - a ring of magical power (left hand)
 C - a +4 ring of evasion
 G - an amulet of reflection (around neck)
 K - a +6 ring of intelligence (right hand)
 Q - a +6 ring of dexterity
Wands
 m - a wand of acid (8)
 O - a wand of charming (9)
Scrolls
 a - 6 scrolls of teleportation {unknown}
 e - 6 scrolls of amnesia {unknown}
 h - 4 scrolls of identify {unknown}
 i - 6 scrolls of fear {unknown}
 j - 3 scrolls of noise {unknown}
 l - 4 scrolls of enchant armour {unknown}
 r - a scroll of torment {unknown}
 s - a scroll of magic mapping {unknown}
 t - a scroll of fog {unknown}
 w - a scroll of immolation {unknown}
 A - 2 scrolls of holy word {unknown}
 B - a scroll of vulnerability {unknown}
 I - 2 scrolls of silence {unknown}
Potions
 b - 3 potions of might {unknown}
 d - 3 potions of mutation {unknown}
 n - 8 potions of heal wounds {unknown}
 p - a potion of degeneration {unknown}
 q - 6 potions of curing {unknown}
 u - 2 potions of cancellation {unknown}
 v - a potion of magic {unknown}
 D - a potion of haste {unknown}
 M - a potion of ambrosia {unknown}
 N - a potion of lignification {unknown}
 P - a potion of attraction {unknown}


   Skills:
 - Level 3.0 Fighting
 + Level 3.4 Armour
 - Level 3.0 Dodging
 - Level 3.1 Stealth
 * Level 12.2 Spellcasting
 + Level 7.0 Conjurations
 - Level 1.1 Summonings
 - Level 1.1 Translocations
 + Level 5.9 Fire Magic
 - Level 1.0 Air Magic
 - Level 2.0 Poison Magic
 - Level 1.3 Evocations


You had 21 spell levels left.
You knew the following spells:

 Your Spells              Type           Power      Damage    Failure   Level
a - Magic Dart            Conj           100%       1d8       1%          1
b - Mephitic Cloud        Conj/Pois/Air  37%        N/A       3%          3
c - Call Imp              Summ           24%        N/A       4%          2
d - Blink                 Tloc           N/A        N/A       4%          2
e - Conjure Flame         Conj/Fire      53%        6-21      1%          3

Your spell library contained the following spells:

 Spells                   Type           Power      Damage    Failure   Level
 Sandblast                Erth           34%        2d9       4%          1
 Slow                     Hex            17%        N/A       7%          2


Dungeon Overview and Level Annotations

Branches:
Dungeon (7/15)             Temple (1/1) D:5         Ossuary (visited)

Altars:
Dithmenos
Elyvilon
Fedhas
Hepliaklqana
Makhleb
Okawaru
Qazlal
Trog
Uskayaw
Vehumet
Wu Jian
Xom
Yredelemnul
Zin
The Shining One
Lugonu

Shops:
D:6 =   D:7 *


Message History

Press: ? - help, Shift-Dir - straight line, f/p - white imp
Aim: a white imp (heavily wounded, 100% to hit)
The magic dart hits the white imp.
The white imp is heavily wounded.
The centaur skeleton hits you.
The centaur skeleton closely misses you.
The white imp gestures at you. The puff of frost hits you!
* * * LOW HITPOINT WARNING * * *
Casting: Magic Dart (safe; 1% risk of failure)
Confirm with . or Enter, or press ? or * to list all spells.
Aiming: Magic Dart (safe; 1% risk of failure)
Press: ? - help, Shift-Dir - straight line, f/p - white imp
Aim: a white imp (heavily wounded, 100% to hit)
The magic dart hits the white imp.
The white imp is almost dead.
The centaur skeleton barely misses you. x2
The white imp gestures at you. The puff of frost hits you!
* * * LOW HITPOINT WARNING * * *
Casting: Magic Dart (safe; 1% risk of failure)
Confirm with . or Enter, or press ? or * to list all spells.
You blink.
The centaur skeleton hits you but does no damage.
The centaur skeleton kicks you.
* * * LOW HITPOINT WARNING * * *
Unknown command.
Casting: Blink (safe; 4% risk of failure)
Confirm with . or Enter, or press ? or * to list all spells.
You blink.
Casting: Blink (safe; 4% risk of failure)
Confirm with . or Enter, or press ? or * to list all spells.
A beastly little devil appears in a puff of flame.
Casting: Call Imp (safe; 4% risk of failure)
Confirm with . or Enter, or press ? or * to list all spells.
You blink.
The white imp laughs crazily.
The white imp gestures at you. The puff of frost hits you!
You die...

. ##. #....## ######(...
..#..###...>## #....##...
.#...........# #.........
........5....# #.........
.............###..#......
#.....§.5...##..........
#.......Z.#...<#.##......
#.........##[..#.##.##..#
........@..##....##.##..#
....................5...#
##..........##.........∩.
###.........#.......##..
...................##..
.##...........##........
...................###
#...................###
..............#


You could see a white imp, a centaur skeleton (ally target) and a friendly
crimson imp (summoned).

Vanquished Creatures
  A two-headed ogre (D:6)
  A wraith (Ossuary)
  A wyvern (D:6)
  A water moccasin (D:5)
  2 ice beasts (D:5)
  2 sky beasts
  3 black bears
  2 necrophages
  4 ogres
  A centaur (D:5)
  A phantom (D:4)
  A kobold brigand (D:7)
  A bullfrog (D:6)
  5 scorpions
  A water moccasin skeleton (D:5)
  2 killer bees (D:5)
  A howler monkey (D:5)
  2 bullfrog zombies (D:6)
  2 hounds
  4 jellies
  3 centaur skeletons
  4 iguanas
  A scorpion zombie (D:5)
  A mummy (Ossuary)
  A howler monkey zombie (D:5)
  9 gnolls
  8 adders
  A shadow imp (D:5)
  An ufetubus (D:5)
  An adder skeleton (D:4)
  2 worms (D:2)
  2 dart slugs
  5 bats
  6 endoplasms
  3 giant cockroaches
  4 goblins
  3 hobgoblins
  8 jackals
  12 kobolds
  2 quokkas
  6 ball pythons
  7 frilled lizards
  8 gnoll skeletons (Ossuary)
  A goblin zombie (D:4)
  4 kobold skeletons (Ossuary)
  10 orc skeletons (Ossuary)
  7 rats
158 creatures vanquished.

Vanquished Creatures (collateral kills)
  A scorpion (D:5)
  A killer bee (D:5)
  A gnoll (D:3)
  A gnoll skeleton (Ossuary)
  2 orc skeletons (Ossuary)
6 creatures vanquished.

Vanquished Creatures (others)
  2 fungi (D:7)
2 creatures vanquished.

Grand Total: 166 creatures vanquished

Notes
Turn   | Place    | Note
-------+----------+-------------------------------------------
     0 | D:1      | pokeman the Deep Elf Hedge Wizard began the quest for the
                  | Orb.
     0 | D:1      | Reached XP level 1. HP: 10/10 MP: 7/7
   281 | D:1      | Reached XP level 2. HP: 16/16 MP: 1/9
   828 | D:1      | Reached skill level 5 in Spellcasting
  1086 | D:1      | Reached XP level 3. HP: 20/20 MP: 8/11
  1090 | D:1      | Learned a level 3 spell: Mephitic Cloud
  1093 | D:1      | Learned a level 2 spell: Call Imp
  1096 | D:1      | Learned a level 2 spell: Blink
  1100 | D:1      | Learned a level 3 spell: Conjure Flame
  1304 | D:2      | Found a faded altar of an unknown god.
  1846 | D:2      | Reached skill level 1 in Armour
  2420 | D:2      | Reached skill level 1 in Fighting
  2566 | D:3      | Found a hide-covered altar of Uskayaw.
  2572 | D:3      | Found a hazy altar of Hepliaklqana.
  2835 | D:3      | Reached XP level 4. HP: 10/25 MP: 3/13
  3711 | D:4      | Reached skill level 1 in Fire Magic
  3731 | D:4      | Reached skill level 6 in Spellcasting
  3731 | D:4      | Reached XP level 5. HP: 13/29 MP: 7/15
  3840 | D:4      | Noticed a phantom
  3855 | D:4      | Killed a phantom
  3856 | D:4      | Reached skill level 1 in Air Magic
  3979 | D:4      | Reached XP level 6. HP: 12/34 MP: 12/17
  4001 | D:4      | Found a sand-covered staircase.
  4006 | Ossuary  | Entered an ossuary
  4006 | Ossuary  | Noticed a wraith
  4006 | Ossuary  | Noticed a wraith
  4006 | Ossuary  | Noticed a wraith
  4392 | Ossuary  | Noticed a wraith
  4404 | Ossuary  | Killed a wraith
  4405 | Ossuary  | Reached skill level 7 in Spellcasting
  4405 | Ossuary  | Reached skill level 1 in Poison Magic
  4405 | Ossuary  | Reached skill level 1 in Evocations
  5078 | D:4      | Reached XP level 7. HP: 22/38 MP: 6/20
  5606 | D:4      | Found a stormy altar of Qazlal.
  5704 | D:4      | Identified the +10 hunting sling "Mutoacw" {venom, Drain
                  | Str+8}
  6197 | D:5      | Entered Level 5 of the Dungeon
  6271 | D:5      | Reached skill level 8 in Spellcasting
  6366 | D:5      | Found a blossoming altar of Fedhas.
  6656 | D:5      | Found a staircase to the Ecumenical Temple.
  6664 | Temple   | Entered the Ecumenical Temple
  6681 | Temple   | Became a worshipper of Vehumet
  6912 | D:5      | Reached XP level 8. HP: 39/44 MP: 22/22
  6990 | D:5      | Reached skill level 9 in Spellcasting
  7045 | D:5      | Reached skill level 5 in Conjurations
  7098 | D:5      | Reached skill level 10 in Spellcasting
  7302 | D:5      | Found a bloodstained altar of Trog.
  7361 | D:5      | Identified the +8 short sword "Goblinbane" {venom, Fragile
                  | rElec Int+4}
  7701 | D:5      | Found a white marble altar of Elyvilon.
  7839 | D:6      | Reached XP level 9. HP: 45/50 MP: 25/25
  7881 | D:6      | Found an iron altar of Okawaru.
  8053 | D:6      | Reached skill level 11 in Spellcasting
  8059 | D:6      | Noticed a two-headed ogre
  8079 | D:6      | Killed a two-headed ogre
  8079 | D:6      | Reached * piety under Vehumet
  8079 | D:6      | Offered knowledge of Sandblast by Vehumet.
  8080 | D:6      | Reached skill level 5 in Fire Magic
  8331 | D:6      | Found an ornate altar of the Wu Jian Council.
  8561 | D:6      | Found Bywe's Jewellery Shop.
  8646 | D:7      | Reached skill level 12 in Spellcasting
  8809 | D:7      | Found Foufin's Assorted Antiques.
  9261 | D:7      | Killed from afar by a white imp

Illustrated notes

Levels and vault maps discovered:
D:1:      dpeg_arrival_rooms_a, layout_basic, nrook_campfire
D:2:      layout_loops_ring, shapermc_ecumenical_altar_venn
D:3:      layout_basic, general_overflow_altar, amcnicky_altar_gilded
D:4:      layout_layer_cave, lemuel_doored_altar, enter_ossuary_3,
          kennysheep_cluttered_room
D:5:      minmay_spotlight, layout_basic, lemuel_coloured_pillars_altar,
          fedhas_bush_and_centaur_altar, marbit_many_paths,
          minmay_temple_entry_arrows, minmay_crossroads
D:6:      layout_basic, old_standard_altar, kennysheep_mini, serial_shops,
          nicolae_square_shop
D:7:      minmay_skewed_foursquare, layout_cave_pools,
          nicolae_overflow_hidden_temple, serial_shops, nicolae_square_shop,
          uniq_crazy_yiuf_cottage
Temple:   corrupted_temple

Skill      XL: |  1  2  3  4  5  6  7  8  9 |
---------------+----------------------------+-----
Spellcasting   | 5 6 7 8 10 12 | 12.2
Armour         | 1 3 |  3.4
Conjurations   | 2 3 4 5 7 |  7.0
Fighting       | 1 2 3 |  3.0
Fire Magic     | 1 2 4 5 |  5.9
Dodging        | 3 |  3.0
Air Magic      | 1 |  1.0
Stealth        | 3 |  3.1
Poison Magic   | 1 2 |  2.0
Evocations     | 1 |  1.3
Summonings     | |  1.1
Translocations | |  1.1

Action                   |  1- 3 |  4- 6 |  7- 9 || total
-------------------------+-------+-------+-------++-------
Melee: Dagger            |     4 |       |       ||     4
       Short sword       |    25 |    48 |    82 ||   155
 Cast: Magic Dart        |   117 |    71 |   132 ||   320
       Mephitic Cloud    |     4 |     2 |    23 ||    29
       Conjure Flame     |     1 |     8 |    20 ||    29
       Call Imp          |       |     2 |     7 ||     9
       Blink             |       |       |     6 ||     6
Evoke: Wand              |       |     1 |       ||     1
 Stab: Sleeping          |     1 |       |       ||     1
       Confused          |       |       |     8 ||     8
Armor: Leather armour    |    10 |    24 |    40 ||    74
Dodge: Dodged            |    36 |    53 |    99 ||   188
Block: Other             |       |       |    25 ||    25
       Reflection        |       |       |     1 ||     1

Table legend: (Time is in decaauts)
 A = Elapsed time spent in this place.
 B = Non-inter-level travel time spent in this place.
 C = Inter-level travel time spent in this place.
 D = Time resting spent in this place.
 E = Time spent auto-exploring this place.
 F = Levels seen in this place.
 G = Mean time per level.
                   A        B        C        D        E       F      G
               +--------+--------+--------+--------+--------+-----+--------+
         Total |   9278 |   8941 |    337 |   1173 |   6353 |   9 | 1030.9 |
       Dungeon |   8426 |   8112 |    314 |    847 |   6004 |   7 | 1203.7 |
        Temple |     33 |     10 |     23 |      0 |      8 |   1 |   33.0 |
       Ossuary |    817 |    817 |      0 |    326 |    341 |   1 |  817.0 |
               +--------+--------+--------+--------+--------+-----+--------+

Top non-repeatable levels by time:
     D:4: 1852 daAuts
     D:2: 1364 daAuts
     D:5: 1344 daAuts
     D:3: 1209 daAuts
     D:1: 1191 daAuts
     D:6: 1148 daAuts
 Ossuary: 817 daAuts
     D:7: 315 daAuts
  Temple: 33 daAuts
